 Dungeon Crawl Stone Soup version 0.26-a0-1126-g3318b609a0 (webtiles) character file.

Game seed: 16060517644567806760

100 sahdkjhfkaj the Chiller (level 4, -5/27 HPs)
             Began as an Octopode Ice Elementalist on Dec 18, 2020.
             Slain by an ogre
             ... wielding a +0 giant spiked club
              (18 damage)
             ... on level 3 of the Dungeon.
             The game lasted 00:03:25 (3263 turns).

sahdkjhfkaj the Chiller (Octopode Ice Elementalist) Turns: 3263, Time: 00:03:25

Health: -5/27      AC:  1    Str:  7    XL:     4   Next: 73%
Magic:  2/7        EV: 13    Int: 18    God:
Gold:   136        SH:  0    Dex: 12    Spells: 4/8 levels left

rFire    . . .     SeeInvis .   a - +0 dagger
rCold    . . .     Faith    .   (no shield)
rNeg     . . .     Spirit   .   (helmet restricted)
rPois    .         Reflect  .   (no amulet)
rElec    .         Harm     .   (no ring)
rCorr    .         Rampage  .   (no ring)
Will     .....                  (no ring)
Stlth    +++.......             (no ring)
HPRegen  0.09/turn              (no ring)
MPRegen  0.10/turn              (no ring)
                                (no ring)
                                (no ring)

@: no status effects
A: almost no armour, stealthy swim, amphibious, 8 rings, constrict 8, camouflage
1, gelatinous body 1
a: no special abilities


You were on level 3 of the Dungeon.
You visited 1 branch of the dungeon, and saw 3 of its levels.

You collected 136 gold pieces.

Inventory:

Hand Weapons
 a - a +0 dagger (weapon)
Scrolls
 b - 2 scrolls of immolation
 c - 2 scrolls of remove curse
 d - a scroll of enchant armour
 e - 2 scrolls of identify
 h - a scroll of fog
 i - a scroll of enchant weapon {unknown}
 j - a scroll of blinking {unknown}
 l - a scroll of magic mapping {unknown}
 m - a scroll of fear {unknown}
Potions
 f - 2 potions of attraction {unknown}
 g - a potion of curing {unknown}
 k - a potion of cancellation {unknown}


   Skills:
 - Level 2.0 Dodging
 - Level 2.6 Stealth
 - Level 2.5 Spellcasting
 + Level 5.7 Ice Magic


You had 4 spell levels left.
You knew the following spells:

 Your Spells              Type           Power        Failure   Level
a - Freeze                Ice            88%          1%          1
A - Frozen Ramparts       Ice            44%          4%          3

Your spell library contained the following spells:

 Spells                   Type           Power        Failure   Level
 Ozocubu's Armour         Ice            22%          4%          3
 Hailstorm                Conj/Ice       12%          47%         4
 Summon Ice Beast         Ice/Summ       12%          47%         4


Dungeon Overview and Level Annotations

Branches:
Dungeon (3/15)

Altars:
Nemelex Xobeh
Okawaru


Innate Abilities, Weirdness & Mutations

You cannot wear most types of armour.
You are very stealthy in the water. (Stealth+)
You are amphibious.
You can wear up to eight rings at the same time.
You can use your tentacles to constrict eight enemies at once.
Your skin changes colour to match your surroundings (Stealth+).
Your rubbery body absorbs attacks. (AC +1, EV +1)


Message History

The ogre is heavily wounded.
The frozen ramparts melt away.
The ogre hits you with a +0 giant spiked club!
Ouch! That really hurt!
Aiming: Freeze (safe; 1% risk of failure)
Press: ? - help, Q - select action Shift-Dir - straight line, f/p - ogre
Aim: an ogre, wielding a +0 giant spiked club (heavily wounded)
You freeze the ogre.
The ogre is severely wounded.
Unknown command.
Unknown command.
Aiming: Freeze (safe; 1% risk of failure)
Press: ? - help, Q - select action Shift-Dir - straight line, f/p - ogre
Aim: an ogre, wielding a +0 giant spiked club (severely wounded)
You freeze the ogre.
The ogre is severely wounded.
A hobgoblin comes into view.
The ogre hits you with a +0 giant spiked club!!
Ouch! That really hurt!
You die...

##[#.#.# ..#
#.#.#.########..#
##'#.#....#...... .
##....####.##.##.# .g
#.....###........# ...
#.....#.#..##.#..# ...
#.....#..........# .. .
#.###.#.#.##.#...#.#....
#.###.#.#.##.#..@O......
†...#.#.####.##.########
..#.#.#.# #.##..
###.#.#.####.#####
#.#.#......#
###.#.######## ....#.#
##..#.# #####.#


You could see an ogre and a hobgoblin (wandering).

Vanquished Creatures
  3 gnolls (D:2)
  An adder (D:2)
  2 oozes (D:1)
  An adder skeleton (D:3)
  A worm (D:2)
  3 dart slugs
  A leopard gecko (D:2)
  3 orcs (D:3)
  6 bats
  3 giant cockroaches
  4 goblins
  A hobgoblin (D:1)
  5 kobolds
  A quokka (D:2)
  3 frilled lizards (D:2)
  4 rats
42 creatures vanquished.

Notes
Turn   | Place    | Note
-------+----------+-------------------------------------------
     0 | D:1      | sahdkjhfkaj the Octopode Ice Elementalist began the quest
                  | for the Orb.
     0 | D:1      | Reached XP level 1. HP: 11/11 MP: 3/3
   203 | D:1      | Reached XP level 2. HP: 6/17 MP: 0/5
   942 | D:1      | Reached XP level 3. HP: 21/21 MP: 4/6
  1646 | D:2      | Learned a level 3 spell: Frozen Ramparts
  1939 | D:2      | Reached skill level 5 in Ice Magic
  1939 | D:2      | Reached XP level 4. HP: 23/27 MP: 3/7
  2464 | D:2      | Found a sparkling altar of Nemelex Xobeh.
  2589 | D:2      | Found an iron altar of Okawaru.
  3249 | D:3      | Noticed an ogre
  3263 | D:3      | Slain by an ogre

Illustrated notes

Levels and vault maps discovered:
D:1:      dpeg_arrival_three_bigger_balls, layout_loops_ring
D:2:      minmay_chambers_of_ones, layout_basic, nicolae_overflow_crystal_walls,
          nemelex_xobeh_ov_fountains_minmay
D:3:      gammafunk_wand_slinger, layout_basic, biasface_ghost_orc_armoury

Skill      XL: |  1  2  3 |
---------------+----------+-----
Ice Magic      | 5 |  5.7
Dodging        | |  2.0
Stealth        | |  2.6
Spellcasting   | |  2.5

Action                   |  1- 3 |  4- 6 || total
-------------------------+-------+-------++-------
Melee: Unarmed           |    14 |       ||    14
       Constrict         |     6 |     6 ||    12
       Tentacles         |     3 |     3 ||     6
       Dagger            |     4 |    13 ||    17
 Cast: Freeze            |    31 |     7 ||    38
       Frozen Ramparts   |     7 |    11 ||    18
  Use: Scroll            |     1 |     3 ||     4
 Stab: Sleeping          |     2 |     2 ||     4
Armor: Skin              |     8 |     3 ||    11
Dodge: Dodged            |    27 |    27 ||    54

Table legend: (Time is in decaauts)
 A = Elapsed time spent in this place.
 B = Non-inter-level travel time spent in this place.
 C = Inter-level travel time spent in this place.
 D = Time resting spent in this place.
 E = Time spent auto-exploring this place.
 F = Levels seen in this place.
 G = Mean time per level.
                   A        B        C        D        E       F      G
               +--------+--------+--------+--------+--------+-----+--------+
         Total |   3262 |   3243 |     19 |    190 |   2611 |   3 | 1087.3 |
       Dungeon |   3262 |   3243 |     19 |    190 |   2611 |   3 | 1087.3 |
               +--------+--------+--------+--------+--------+-----+--------+

Top non-repeatable levels by time:
     D:2: 1558 daAuts
     D:1: 1350 daAuts
     D:3: 352 daAuts
